 Dungeon Crawl Stone Soup version 0.20.1-1-g8b1a95d (console) character file.

100 hilaritas the Skirmisher (level 4, 0/29 HPs)
             Began as a Gargoyle Fighter on Nov 19, 2017.
             Slain by an orc
             ... wielding a +0 flail
              (6 damage)
             ... on level 3 of the Dungeon.
             The game lasted 00:03:30 (2072 turns).

hilaritas the Skirmisher (Gargoyle Fighter)         Turns: 2072, Time: 00:03:32

Health: 0/29       AC: 11    Str: 25    XL:     4   Next: 74%
Magic:  4/4        EV:  7    Int:  9    God:
Gold:   131        SH:  9    Dex:  9    Spells: 3/3 levels left

rFire    . . .     SeeInvis .   a - +0 flail
rCold    . . .     Gourm    .   c - +0 shield
rNeg     + . .     Faith    .   b - +0 scale mail
rPois    ∞         Spirit   .   (no helmet)
rElec    +         Reflect  .   p - +0 cloak
rCorr    .         Harm     .   (no gloves)
MR       .....                  (no boots)
Stlth    ..........             (no amulet)
Regen    0.1/turn               (no ring)
MPRegen  0.1/turn               (no ring)

@: mighty
A: negative energy resistance 1, electricity resistance, unbreathing,
petrification resistance, rot immunity, AC +3
a: no special abilities


You were on level 3 of the Dungeon.
You were not hungry.

You visited 1 branch of the dungeon, and saw 3 of its levels.

You collected 131 gold pieces.

Inventory:

Hand Weapons
 a - a +0 flail (weapon)
Armour
 b - a +0 scale mail (worn)
 c - a +0 shield (worn)
 p - a +0 cloak (worn)
Jewellery
 q - an uncursed ring of ice {unknown}
 r - an uncursed ring of stealth {unknown}
Scrolls
 g - a scroll of recharging {unknown}
 i - a scroll of amnesia {unknown}
 k - 3 scrolls of identify {unknown}
 l - 2 scrolls of teleportation {unknown}
 m - 2 scrolls of magic mapping {unknown}
 n - a scroll of fear {unknown}
 o - a scroll of enchant armour {unknown}
 s - a scroll of remove curse {unknown}
Potions
 e - a potion of mutation {unknown}
 h - 2 potions of heal wounds {unknown}
 j - a potion of curing {unknown}
Comestibles
 f - a bread ration
 t - 3 fruits


   Skills:
 + Level 4.1 Fighting
 * Level 3.7 Maces & Flails
 - Level 3.2 Armour
 + Level 3.8 Shields


You had 3 spell levels left.
You didn't know any spells.

Dungeon Overview and Level Annotations

Branches:
Dungeon (3/15)

Altars:
Ashenzari
Dithmenos


Innate Abilities, Weirdness & Mutations

You are resistant to torment.
Your stone body is resilient. (AC +3)
You are immune to poison.
You resist negative energy. (rN+)
You are resistant to electric shocks. (rElec)
You can survive without breathing.
You are immune to petrification.
You are immune to rotting.


Message History

The orc priest looks encouraged for a moment.
The scorpion stings you. The orc hits you but does no damage.
You feel very mighty all of a sudden. You block the orc's attack.
The orc priest hits you but does no damage.
You block the scorpion's attack. The orc hits you but does no damage.
You completely miss the scorpion.
The scorpion is almost dead.
You block the orc priest's attack. The orc barely misses you.
The scorpion stings you.
* * * LOW HITPOINT WARNING * * *
The orc hits you but does no damage.
Unknown command.
You closely miss the scorpion.
The scorpion is almost dead.
You block the scorpion's attack.
The orc priest hits you from afar with an enchanted trident.
* * * LOW HITPOINT WARNING * * *
The orc hits you with a flail.
You die...

## . # .## #. .##. ..##
. ###.#..... ...# #.
##.........
...######.####..........
...##...##.......#......
..##.....##......#..>..#
..#.......#..)..........
..#.#._.#.#..#...o.....#
....##.##.......@s.....#
.....###.....#..o.......
.............#...o###.##
...#.........#####o.
...###.......# ... ...#
##......# ..... ..##
######## .... .## ....
##


You could see a scorpion, an orc priest and 3 orcs.

Vanquished Creatures
  Crazy Yiuf (D:2)
  A gnoll (D:1)
  2 adders (D:2)
  2 oozes
  A worm (D:2)
  A leopard gecko (D:2)
  A ball python (D:2)
  4 bats
  A giant cockroach (D:1)
  6 goblins
  5 hobgoblins
  2 frilled lizards (D:1)
  3 kobolds (D:2)
  2 rats
32 creatures vanquished.

Notes
Turn   | Place    | Note
-------+----------+-------------------------------------------
     0 | D:1      | hilaritas the Gargoyle Fighter began the quest for the Orb.
     0 | D:1      | Reached XP level 1. HP: 14/14 MP: 1/1
   248 | D:1      | Reached XP level 2. HP: 19/19 MP: 2/2
   583 | D:1      | Reached XP level 3. HP: 24/24 MP: 3/3
   787 | D:2      | Reached skill level 4 in Fighting
  1002 | D:2      | Reached XP level 4. HP: 19/29 MP: 4/4
  1205 | D:2      | Found a runed door.
  1428 | D:2      | Found a shattered altar of Ashenzari.
  1692 | D:2      | Noticed Crazy Yiuf
  1701 | D:2      | Killed Crazy Yiuf
  2007 | D:3      | Found a shadowy altar of Dithmenos.
  2072 | D:3      | Slain by an orc

Skill      XL: |  1  2  3 |
---------------+----------+-----
Fighting       | 4 |  4.1
Maces & Flails | 3 |  3.7
Armour         | |  3.2
Shields        | |  3.8

Action                   |  1- 3 |  4- 6 || total
-------------------------+-------+-------++-------
Melee: Flail             |   110 |    53 ||   163
  Use: Potion            |       |     1 ||     1
  Eat: Chunk             |       |     2 ||     2
       Bread ration      |       |     1 ||     1
Armor: Scale mail        |    50 |    29 ||    79
Dodge: Dodged            |    31 |    15 ||    46
Block: Shield            |    49 |    28 ||    77
